 Dungeon Crawl Stone Soup version 0.31-a0-986-g5e6e4ef867 (webtiles) character file.

Game seed: 4100217483205235484

2374 melmu the Mimic (level 9, 0/32 (35) HPs)
             Began as a Felid Chaos Knight on Nov 17, 2023.
             Was a Plaything of Xom.
             Slain by a gnoll
             ... wielding a +0 whip
             ... led by a gnoll bouda
              (2 damage)
             ... on level 6 of the Dungeon.
             The game lasted 00:07:39 (5618 turns).

melmu the Mimic (Felid Chaos Knight)                Turns: 5618, Time: 00:07:40

HP:   0/32 (35)     AC:  6    Str:  8    XL:     9   Next: 21%
MP:   10/10         EV: 20    Int: 14    God:    Xom [*.....]
Gold: 278           SH:  0    Dex: 19    Spells: 8/8 levels left
                                        Lives: 0   Deaths: 3

rFire   . .          .
                       - Unarmed
rCold   + . .        (shield unavailable)
rNeg    . . .        (body armour unavailable)
rPois   .            (helmet unavailable)
rElec   .            (cloak unavailable)
rCorr   .            (gloves unavailable)
SInv    +            (boots unavailable)
Will    +....        (no amulet)
Stlth   +++          (no ring)
HPRegen 1.05/turn    (no ring)
MPRegen 0.12/turn

%: no passive effects
@: drained, quick
A: very small, claws 1, fangs 3, see invisible, speed 1, shaggy fur 2, stealthy
paws, no weapons or thrown items, no armour, multi-lived, iridescent scales 2,
cold resistance 1, frail 1, regeneration 1, subdued magic 1, inability to drink
after injury 1
a: Renounce Religion


You were on level 6 of the Dungeon.
You worshipped Xom.
You were a special plaything of Xom.
You visited 2 branches of the dungeon, and saw 8 of its levels.
You also visited: Ossuary.

You collected 305 gold pieces.
You spent 27 gold pieces at shops.

Inventory:

Talismans
 t - a maw talisman
Wands
 p - a wand of flame (29)
Scrolls
 a - a scroll of identify
 c - 4 scrolls of enchant weapon {unknown}
 d - a scroll of poison {unknown}
 e - 4 scrolls of teleportation {unknown}
 f - 2 scrolls of revelation {unknown}
 g - 2 scrolls of enchant armour {unknown}
 j - 3 scrolls of amnesia {unknown}
 k - 3 scrolls of blinking {unknown}
 o - a scroll of brand weapon {unknown}
 v - a scroll of immolation {unknown}
 x - a scroll of fog
 y - a scroll of vulnerability
Potions
 h - 2 potions of attraction
 i - 4 potions of mutation
 l - 2 potions of might
 m - 4 potions of curing
 n - a potion of berserk rage
 q - a potion of ambrosia
 r - 2 potions of heal wounds
 s - a potion of lignification
 u - a potion of invisibility
 w - 3 potions of degeneration
 z - a potion of magic


   Skills:
 - Level 4.7 Fighting
 - Level 5.7 Dodging
 - Level 5.1 Stealth
 - Level 6.1 Unarmed Combat
 + Level 9.1 Shapeshifting


You had 8 spell levels left.
You didn't know any spells.
Your spell library contained the following spells:

 Spells                   Type           Power      Damage    Failure   Level
 Foxfire                  Conj/Fire      0%         2x1d4     24%         1
 Sandblast                Erth           0%         2d4       24%         1
 Shock                    Conj/Air       0%         1d3       24%         1
 Sting                    Tmut/Pois      0%         1d3       24%         1
 Passwall                 Tmut/Erth      0%         N/A       36%         2
 Poisonous Vapours        Pois/Air       0%         N/A       36%         2
 Stone Arrow              Conj/Erth      0%         3d7       61%         3
 Swiftness                Air            0%         N/A       61%         3
 Airstrike                Air            0%         2d(0-16)  95%         4
 Brom's Barrelling Bould  Conj/Erth      0%         2d3       95%         4
 Olgreb's Toxic Radiance  Pois           0%         N/A       95%         4


Dungeon Overview and Level Annotations

Branches:
Dungeon (7/15)             Temple (1/1) D:6         Ossuary (visited)

Altars:
Fedhas
Gozag
Hepliaklqana
Makhleb
Okawaru
Qazlal
Trog
Uskayaw
Vehumet
Xom
Yredelemnul
The Shining One

Shops:
D:2 :(!*

Annotations:
D:3 2 runed translucent doors, tinescath's ghost, weakling DEHW
Temple 2 transporters


Innate Abilities, Weirdness & Mutations

You have sharp claws.
You have razor-sharp teeth.
You have supernaturally acute eyesight. (SInv)
You cover ground quickly. (Speed+)
You are covered in thick fur. (AC +2)
Your paws help you pounce on unaware monsters.
You are incapable of wielding weapons or throwing items.
You cannot wear armour.
You gain extra lives every three experience levels.
You are mostly covered in iridescent scales. (AC +4)
Your flesh is cold resistant. (rC+)
You are frail. (-10% HP)
Your natural rate of healing is unusually fast.
Your spells are a little easier to cast, but a little less powerful.
You occasionally lose the ability to drink potions when taking damage.


Message History

You are too injured to fight recklessly!
You are too injured to fight recklessly!
You are too injured to fight recklessly!
You are too injured to fight recklessly!
You are too injured to fight recklessly!
You are too injured to fight recklessly!
You are too injured to fight recklessly!
You are too injured to fight recklessly!
You are too injured to fight recklessly!
You are too injured to fight recklessly!
The gnoll completely misses you. The gnoll misses you.
The gnoll attacks as it pursues you! The gnoll barely misses you.
The gnoll misses you. The gnoll attacks as it pursues you!
The gnoll barely misses you.
The two-headed ogre shouts in stereo!
You barely miss the two-headed ogre. The two-headed ogre closely misses you.
The two-headed ogre completely misses you.
You scratch the two-headed ogre.
The two-headed ogre is lightly wounded.
You completely miss the two-headed ogre.
You claw the two-headed ogre, but do no damage.
The two-headed ogre is lightly wounded.
The two-headed ogre hits you with a +0 giant club!!
Ouch! That really hurt!
The two-headed ogre completely misses you.
You scratch the two-headed ogre. Your bite misses the two-headed ogre.
The two-headed ogre is lightly wounded.
The gnoll misses you. The gnoll closely misses you.
You barely miss the two-headed ogre.
The two-headed ogre is lightly wounded.
The gnoll barely misses you. The gnoll hits you with a +0 whip.
The two-headed ogre closely misses you.
The two-headed ogre hits you with a +0 giant club!
* * * LOW HITPOINT WARNING * * *
You claw the two-headed ogre!
The two-headed ogre is moderately wounded.
The gnoll misses you. The gnoll hits you with a +0 whip.
You die...
Xom cackles wildly!

....##########.......#.[..##.##.#
##### #######..#..>...#)>.##.##.#
.# #.......###......).###.##.#
.######.......###..####..# #.##.#
.....##.......##..######.# #.##.#
.....##......##..#...##..# #.##.#
.....##.....#......#.....# #.##.#
.....##............###.#.# #.##.#
.....########..O@.g......# #.##.#
........# #...g..####### #.##.#
#######.# ####'### #.##.# #.# #.#
#.##.# #.# #.# #.##.# #.# #.#
#.##.# #.# #.# #.##.# #.# #.#
#....# #.# #†# ######


You could see a two-headed ogre and 2 gnolls.

Vanquished Creatures
  2 hornet zombies (Ossuary)
  An ice beast (D:6)
  2 ogres
  A scorpion (D:5)
  2 water moccasin zombies (Ossuary)
  5 wyvern zombies (Ossuary)
  A howler monkey (D:6)
  7 centaur zombies (Ossuary)
  3 bullfrog zombies (Ossuary)
  A hound (D:6)
  Crazy Yiuf (D:5)
  A gnoll bouda (D:6)
  3 jellies
  An orc priest (D:2)
  3 iguanas
  5 orc wizards
  A sleepcap (D:5)
  A killer bee zombie (Ossuary)
  15 mummies (Ossuary)
  17 gnolls
  3 howler monkey zombies (Ossuary)
  5 adders
  4 worms
  4 dart slugs
  32 orcs
  4 bats
  12 endoplasms
  5 giant cockroaches
  8 goblins
  11 hobgoblins
  3 jackals (D:1)
  A quokka (D:3)
  2 ball pythons
  5 frilled lizards
  5 kobolds
  11 rats
188 creatures vanquished.

Notes
Turn   | Place    | Note
-------+----------+-------------------------------------------
     0 | D:1      | melmu the Felid Chaos Knight began the quest for the Orb.
     0 | D:1      | Reached XP level 1. HP: 10/10 MP: 2/2
    70 | D:1      | Reached XP level 2. HP: 14/14 MP: 3/3
    91 | D:1      | Reached skill level 1 in Stealth
   131 | D:1      | XOM: silly message
   173 | D:1      | XOM: divination: detect creatures
   412 | D:1      | XOM: give mutations
   412 | D:1      | Gained mutation: Your natural rate of healing is unusually
                  | fast. [Xom's grace]
   412 | D:1      | Gained mutation: You expend magic power (3 MP) to
                  | strengthen your wands. [Xom's grace]
   415 | D:1      | Reached XP level 3. HP: 12/17 MP: 4/4
   638 | D:2      | XOM: scenery: create altars
   687 | D:2      | XOM: god gift: plate armour {god gift}
   801 | D:2      | Found Eqanwiy's Assorted Antiques.
   818 | D:2      | XOM: confuse monster(s)
   865 | D:2      | XOM: smoke on damage
   870 | D:2      | Reached XP level 4. HP: 21/21 MP: 5/5
   935 | D:2      | Found Ykuv's Weapon Shoppe.
  1018 | D:2      | Found Ceymitz's Distillery.
  1189 | D:2      | Found Kameresm's Book Shop.
  1366 | D:2      | XOM: silly message
  1391 | D:3      | Identified the "Utaxtiusi"
  1414 | D:3      | XOM: butterfly on damage
  1506 | D:2      | Killed from afar by an orc priest
  1535 | D:3      | XOM: cloud trail
  1537 | D:3      | XOM: fog
  1539 | D:3      | XOM: butterfly on damage
  1548 | D:3      | Reached XP level 5. HP: 6/25 MP: 6/6
  1623 | D:3      | Found a faded altar of an unknown god.
  1714 | D:3      | Noticed a +0 dagger
  1714 | D:3      | Noticed a +0 falchion
  1714 | D:3      | Noticed a +0 short sword
  1714 | D:3      | Noticed a +0 spear
  1714 | D:3      | Noticed a +0 falchion
  1715 | D:3      | Noticed a +0 dagger
  1717 | D:3      | Noticed a +0 spear
  1737 | D:3      | Found a hide-covered altar of Uskayaw.
  1738 | D:3      | Noticed a +0 short sword
  1767 | D:3      | Found a shimmering altar of Xom.
  1793 | D:3      | XOM: god gift: scroll labelled ONIREU WEASUCA {god gift}
  1809 | D:3      | Found a large runed translucent door.
  1809 | D:3      | Found a large runed translucent door.
  1812 | D:3      | Noticed tinescath's ghost (weakling DEHW)
  1923 | D:3      | XOM: confusion (+ monsters)
  1942 | D:2      | XOM: silly message
  1992 | D:3      | XOM: cloud trail
  1998 | D:3      | Found an opulent altar of Gozag.
  2045 | D:3      | Noticed an ogre
  2052 | D:3      | XOM: fog
  2074 | D:3      | Slain by a gnoll
  2085 | D:3      | XOM: enchant monster (good)
  2086 | D:3      | XOM: cast spell 'Alistair's Intoxication'
  2088 | D:3      | Killed an ogre
  2089 | D:3      | Reached skill level 5 in Unarmed Combat
  2089 | D:3      | Gained mutation: You are covered in thick fur. (AC +2)
                  | [Felid growth]
  2089 | D:3      | Reached XP level 6. HP: 28/28 MP: 7/7
  2169 | D:3      | Found a burning altar of Makhleb.
  2290 | D:3      | Noticed a moth of wrath
  2293 | D:3      | Found a bloodstained altar of Trog.
  2293 | D:3      | XOM: potion effect (brilliance)
  2312 | D:3      | XOM: potion effect (brilliance)
  2377 | D:3      | XOM: potion effect (haste)
  2398 | D:3      | XOM: give mutations
  2398 | D:3      | Gained mutation: You are partially covered in iridescent
                  | scales. (AC +2) [Xom's mischief]
  2398 | D:3      | Gained mutation: Your flesh is cold resistant. (rC+) [Xom's
                  | mischief]
  2398 | D:3      | Gained mutation: Your spells are a little easier to cast,
                  | but a little less powerful. [Xom's mischief]
  2442 | D:2      | Bought a metallic white potion for 27 gold pieces
  2511 | D:4      | Reached skill level 5 in Dodging
  3150 | D:5      | Entered Level 5 of the Dungeon
  3168 | D:5      | XOM: butterfly on damage
  3195 | D:5      | XOM: summons 2 hostile shadow creatures
  3196 | D:5      | Noticed a wyvern
  3256 | D:5      | XOM: divination: detect creatures
  3264 | D:5      | Reached XP level 7. HP: 33/33 MP: 8/8
  3465 | D:5      | Identified the +1 robe of the Gardener {rElec rF+ Int-2}
  3480 | D:5      | Reached skill level 5 in Stealth
  3581 | D:5      | Found a sand-covered staircase.
  3590 | Ossuary  | Entered an ossuary
  3606 | Ossuary  | XOM: 9-stop teleportation journey
  3616 | Ossuary  | Reached skill level 1 in Shapeshifting
  3633 | Ossuary  | Reached skill level 2 in Shapeshifting
  3642 | Ossuary  | XOM: cast spell 'Death Channel'
  3654 | Ossuary  | XOM: potion effect (curing)
  3686 | Ossuary  | Reached skill level 3 in Shapeshifting
  3693 | Ossuary  | XOM: confuse monster(s)
  3696 | Ossuary  | XOM: confuse monster(s)
  3707 | Ossuary  | XOM: chaos cloud
  3710 | Ossuary  | Reached XP level 8. HP: 35/36 MP: 9/9
  3713 | Ossuary  | XOM: confuse monster(s)
  3721 | Ossuary  | XOM: potion effect (invisibility)
  3729 | Ossuary  | Reached skill level 4 in Shapeshifting
  3734 | Ossuary  | Reached skill level 5 in Shapeshifting
  3787 | Ossuary  | XOM: 2-stop teleportation journey
  3823 | Ossuary  | Reached skill level 6 in Shapeshifting
  3890 | Ossuary  | Reached skill level 7 in Shapeshifting
  4011 | Ossuary  | Reached skill level 8 in Shapeshifting
  4087 | D:5      | Found a runed translucent door.
  4088 | D:5      | Noticed Crazy Yiuf
  4205 | D:5      | Reached XP level 9. HP: 39/39 MP: 10/10
  4418 | D:5      | Killed Crazy Yiuf
  4527 | D:6      | Found a staircase to the Ecumenical Temple.
  4545 | D:6      | XOM: confuse monster(s)
  4554 | D:6      | an ice beast changed into a glowing shapeshifter
  4554 | D:6      | Noticed a glowing shapeshifter (glowing shapeshifter)
  4554 | D:6      | XOM: polymorph ice beast -> glowing shapeshifter
  4554 | D:6      | a glowing shapeshifter changed into a water nymph
  4554 | D:6      | Noticed a water nymph (glowing shapeshifter)
  4555 | D:6      | a water nymph changed into an orb spider
  4555 | D:6      | Noticed an orb spider (glowing shapeshifter)
  4560 | D:6      | an orb spider changed into a swamp dragon
  4560 | D:6      | Noticed a swamp dragon (glowing shapeshifter)
  4576 | Temple   | Found a transporter.
  4576 | Temple   | Found a transporter.
  4576 | Temple   | Found a transporter.
  4576 | Temple   | Found a transporter.
  4576 | Temple   | Entered the Ecumenical Temple
  4581 | D:6      | Noticed a two-headed ogre
  4583 | D:6      | XOM: noise
  4588 | D:6      | Slain by a two-headed ogre
  4684 | D:6      | XOM: give mutations
  4684 | D:6      | Gained mutation: You are frail. (-10% HP) [Xom's mischief]
  4684 | D:6      | Gained mutation: You are mostly covered in iridescent
                  | scales. (AC +4) [Xom's mischief]
  4684 | D:6      | Gained mutation: You occasionally lose the ability to drink
                  | potions when taking damage. [Xom's mischief]
  5155 | D:6      | XOM: confusion
  5280 | D:6      | XOM: silly message
  5359 | D:6      | XOM: give mutation
  5359 | D:6      | Lost mutation: You expend magic power (3 MP) to strengthen
                  | your wands. [Xom's mischief]
  5368 | D:6      | XOM: summons 2 hostile shadow creatures
  5427 | D:6      | Reached skill level 9 in Shapeshifting
  5533 | D:6      | Noticed a moth of wrath
  5533 | D:6      | a moth of wrath changed into a manticore
  5533 | D:6      | Noticed a manticore (glowing shapeshifter)
  5617 | D:6      | HP: 1/32 [two-headed ogre/+0 giant club (9)]
  5618 | D:6      | Slain by a gnoll

Illustrated notes

Levels and vault maps discovered:
D:1:      lemuel_arrival_hallway, layout_rooms
D:2:      cheibrodos_greedy_goblins, layout_basic, serial_shops, shop, shop,
          nicolae_shop_hallway_plus, nicolae_shop_advertising_works
          [nicolae_subvault_shop_adworks]
D:3:      layout_rooms, nicolae_uskayaw_en_pointe, tgw_trog,
          nicolae_gozag_cash_rules_everything_around_me,
          mainiacjoe_overflow_small_starburst, xom_teletrap_fun,
          shapermc_ecumenical_altar_rom_forum, ebering_ghost_disaster_area,
          minmay_quantized
D:4:      layout_gridville
D:5:      layout_loops_ring, enter_ossuary_3, uniq_crazy_yiuf_cottage
D:6:      layout_basic, minmay_temple_entry_wispy
D:7:      layout_basic, elyvilon_altar_3, mainiacjoe_overflow_alcove_1,
          mainiacjoe_overflow_tiny_flanked, kiku_gazebo_pond_becter,
          nemelex_spade_bored_becter, uniq_pikel, uniq_joseph, uniq_maggie
Temple:   hellmonk_temple_divided_pantheon

Skill      XL: |  1  2  3  4  5  6  7  8  9 |
---------------+----------------------------+-----
Stealth        | 1 2 3 4 5 |  5.1
Dodging        | 4 5 |  5.7
Unarmed Combat | 4 5 6 |  6.1
Fighting       | 4 |  4.7
Shapeshifting  | 3 8 9 |  9.1

Action                     |  1- 3 |  4- 6 |  7- 9 || total
---------------------------+-------+-------+-------++-------
  Melee: Unarmed           |    95 |   255 |   435 ||   785
         Bite              |     6 |    24 |    57 ||    87
         Punch             |     3 |     7 |    23 ||    33
    Use: Potion            |       |     2 |     4 ||     6
         Scroll            |       |       |    10 ||    10
   Stab: Sleeping          |     2 |    12 |     3 ||    17
         Confused          |     1 |       |       ||     1
         Invisible         |       |       |    10 ||    10
         Distracted        |       |       |     2 ||     2
 Armour: Skin              |    24 |   117 |   151 ||   292
  Dodge: Dodged            |    77 |   189 |   396 ||   662

Table legend: (Time is in decaauts)
 A = Elapsed time spent in this place.
 B = Non-inter-level travel time spent in this place.
 C = Inter-level travel time spent in this place.
 D = Time resting spent in this place.
 E = Time spent auto-exploring this place.
 F = Levels seen in this place.
 G = Mean time per level.
                   A        B        C        D        E       F      G
               +--------+--------+--------+--------+--------+-----+--------+
         Total |   4656 |   4429 |    227 |     41 |   2880 |   9 |  517.3 |
       Dungeon |   4239 |   4012 |    227 |     41 |   2786 |   7 |  605.6 |
        Temple |      1 |      1 |      0 |      0 |      0 |   1 |    1.0 |
       Ossuary |    415 |    415 |      0 |      0 |     94 |   1 |  415.0 |
               +--------+--------+--------+--------+--------+-----+--------+

Top non-repeatable levels by time:
     D:6: 963 daAuts
     D:2: 783 daAuts
     D:3: 757 daAuts
     D:5: 633 daAuts
     D:4: 590 daAuts
     D:1: 506 daAuts
 Ossuary: 415 daAuts
     D:7: 5 daAuts
  Temple: 1 daAuts
